 Dungeon Crawl Stone Soup version 0.23.2-1-ga50397a (webtiles) character file.

Game seed: 862627436541812657

1538 goulibeur the Cudgeler (level 8, -9/71 HPs)
             Began as a White Draconian Berserker on May 22, 2019.
             Was an Elder of Trog.
             Mangled by a wight
             ... wielding a +4 great sword of freezing
              (15 damage)
             ... on level 6 of the Dungeon.
             The game lasted 00:19:11 (6162 turns).

goulibeur the Cudgeler (White Draconian Berserker)  Turns: 6162, Time: 00:19:11

Health: -9/71      AC:  7    Str: 19    XL:     8   Next: 56%
Magic:  8/8        EV: 12    Int:  7    God:    Trog [****..]
Gold:   307        SH:  8    Dex: 14    Spells: 7/7 levels left

rFire    . . .     SeeInvis .   t - +1 flail
rCold    + . .     Gourm    .   C - +0 shield
rNeg     + . .     Faith    .   (armour unavailable)
rPois    .         Spirit   .   (helmet restricted)
rElec    .         Reflect  .   (no cloak)
rCorr    .         Harm     .   (no gloves)
MR       .....                  f - +0 pair of boots
Stlth    +.........             (no amulet)
HPRegen  0.21/turn              v - ring of positive energy
MPRegen  0.11/turn              (no ring)

@: about to teleport, berserk cooldown, slowed, lightly drained, very slow
A: breathe frost, unfitting armour, cold resistance 1, cold-blooded, AC +6
a: Breathe Frost, Berserk, Trog's Hand, Brothers in Arms, Renounce Religion


You were on level 6 of the Dungeon.
You worshipped Trog.
Trog was greatly pleased with you.
You were hungry.

You visited 1 branch of the dungeon, and saw 6 of its levels.

You collected 307 gold pieces.

Inventory:

Hand Weapons
 a - a +0 mace
 t - a +1 flail (weapon)
Missiles
 A - 2 tomahawks (quivered)
Armour
 f - a +0 pair of boots (worn)
 C - a +0 shield (worn)
Jewellery
 l - an uncursed ring of protection from magic {unknown}
 s - an uncursed amulet of harm
 v - a ring of positive energy (left hand)
Wands
 k - a wand of random effects (21)
 n - a wand of digging (10)
Scrolls
 c - a scroll of enchant armour {unknown}
 d - 2 scrolls of blinking {unknown}
 e - 4 scrolls of identify
 h - 5 scrolls of remove curse
 j - 2 scrolls of enchant weapon
 p - 2 scrolls of magic mapping {unknown}
 u - a scroll of fog {unknown}
 y - a scroll of fear {unknown}
Potions
 g - a potion of magic {unknown}
 i - 3 potions of flight {unknown}
 m - 2 potions of haste {unknown}
 o - 3 potions of heal wounds {unknown}
 r - a potion of resistance {unknown}
 x - 2 potions of curing {unknown}
 z - a potion of lignification {unknown}
 B - a potion of brilliance {unknown}
 D - a potion of mutation {unknown}
Comestibles
 b - 18 rations
 w - 3 chunks of flesh


   Skills:
 * Level 6.4(6.1) Fighting
 * Level 7.2(6.9) Maces & Flails
 + Level 4.0(3.7) Throwing
 + Level 4.9(4.6) Dodging
 + Level 1.5(1.2) Shields


You had 7 spell levels left.
You didn't know any spells.
Your spell library was empty.

Dungeon Overview and Level Annotations

Branches:
Dungeon (6/15)
 Temple: D:4-7

Altars:
Ashenzari
Nemelex Xobeh
Okawaru
Xom
Yredelemnul


Innate Abilities, Weirdness & Mutations

You can breathe waves of freezing cold.
You can buffet flying creatures when you breathe cold.
Your icy white scales are hard. (AC +6)
You cannot fit into any form of body armour.
Your flesh is cold resistant. (rC+)
You are cold-blooded and may be slowed by cold attacks.


Message History

The wight hits you with a +4 great sword of freezing!
* * * LOW HITPOINT WARNING * * *
The wight freezes you.
* * * LOW HITPOINT WARNING * * *
You block the wight's attack.
The wight hits you with a +4 great sword of freezing.
* * * LOW HITPOINT WARNING * * *
You partially resist.
You feel drained. The wight closely misses you.
Items here: )) [[ a cursed +1 mace; a +0 robe; a +0 hand axe; a +0 robe The wight closely misses you.
The wight hits you with a +4 great sword of freezing!
* * * LOW HITPOINT WARNING * * *
The wight freezes you.
* * * LOW HITPOINT WARNING * * *
As you read the scroll of teleportation, it crumbles to dust.
You feel strangely unstable. The wight barely misses you.
The wight hits you with a +4 great sword of freezing!
You die...

#.##.# #.# #.##.# #.#
#....# ### #.#
#.######.## #.#
#.#.####)# ##.#.####.#
.......).# #.###.....#
....####)# ##.#.######
#
####.######.##########
.###.......#
#.@zz...)..#
...........#
##########.######
####.##..#.#
#...z..z......#
#.##.###[##
#.#####.#####.# # #.##
#.# #.# ##.###.## #.#
#..#.# #.# #.##.#..#
#.. #.#.....# ###


You could see 2 wights.

Vanquished Creatures
  Grinder (D:5)
  A phantom (D:4)
  A centaur (D:6)
  An ogre (D:4)
  A bullfrog (D:6)
  3 wights (D:6)
  3 howler monkeys
  2 crimson imps (D:5)
  3 jellies (D:6)
  A hound (D:4)
  3 orc priests
  Natasha (thrice) (D:2)
  An iguana (D:5)
  4 orc wizards
  2 worker ants
  Robin (D:2)
  4 gnolls (D:6)
  A howler monkey skeleton (D:4)
  4 adders
  A shadow imp (D:5)
  2 oozes
  An adder skeleton (D:4)
  3 worms
  2 dart slugs
  5 leopard geckos
  27 orcs
  2 giant cockroaches
  10 goblins
  10 hobgoblins
  4 jackals (D:4)
  5 quokkas
  5 ball pythons
  3 bats
  5 frilled lizards
  A jackal skeleton (D:4)
  8 kobolds
  A leopard gecko skeleton (D:4)
  A quokka skeleton (D:4)
  8 rats
144 creatures vanquished.

Notes
Turn   | Place    | Note
-------+----------+-------------------------------------------
     0 | D:1      | goulibeur the Draconian Berserker began the quest for the
                  | Orb.
     0 | D:1      | Reached XP level 1. HP: 19/19 MP: 1/1
   118 | D:1      | Found a sparkling altar of Nemelex Xobeh.
   164 | D:1      | Reached XP level 2. HP: 26/26 MP: 2/2
   975 | D:2      | Noticed Natasha
   988 | D:2      | Killed Natasha
   988 | D:2      | Reached skill level 1 in Throwing
   988 | D:2      | Reached XP level 3. HP: 22/33 MP: 3/3
  1069 | D:2      | Noticed Natasha
  1074 | D:2      | Killed Natasha
  1074 | D:2      | Reached XP level 4. HP: 40/40 MP: 4/4
  1439 | D:2      | Noticed Natasha
  1453 | D:2      | Killed Natasha
  1453 | D:2      | Reached skill level 4 in Maces & Flails
  1710 | D:2      | Reached ** piety under Trog
  1850 | D:2      | Noticed Robin
  1862 | D:2      | Killed Robin
  1862 | D:2      | Reached XP level 5. HP: 36/46 MP: 5/5
  2678 | D:3      | Found a shimmering altar of Xom.
  3322 | D:4      | Noticed a phantom
  3322 | D:4      | Noticed an ogre
  3332 | D:4      | Reached XP level 6. HP: 53/53 MP: 6/6
  3340 | D:4      | Reached skill level 5 in Maces & Flails
  3958 | D:4      | Found an iron altar of Okawaru.
  3958 | D:4      | Found a shattered altar of Ashenzari.
  3959 | D:4      | Found a basalt altar of Yredelemnul.
  3968 | D:4      | Your scales start taking on an icy white colour.
  3968 | D:4      | Reached XP level 7. HP: 60/60 MP: 7/7
  3968 | D:4      | Gained mutation: Your flesh is cold resistant. (rC+) [White
                  | Draconian growth]
  3972 | D:4      | Reached *** piety under Trog
  4202 | D:5      | Entered Level 5 of the Dungeon
  4300 | D:5      | Reached skill level 5 in Fighting
  4556 | D:5      | Reached skill level 6 in Maces & Flails
  4804 | D:5      | Noticed Grinder
  4813 | D:5      | Killed Grinder
  4813 | D:5      | Reached XP level 8. HP: 69/69 MP: 8/8
  5929 | D:6      | Reached skill level 7 in Maces & Flails
  5931 | D:6      | Reached **** piety under Trog
  5937 | D:6      | Reached skill level 1 in Shields
  6162 | D:6      | Mangled by a wight

Skill      XL: |  1  2  3  4  5  6  7  8 |
---------------+-------------------------+-----
Throwing       | 1 2 3 4 |  4.0
Dodging        | 3 4 |  4.9
Maces & Flails | 4 5 6 7 |  7.2
Fighting       | 4 5 6 |  6.4
Shields        | 1 |  1.5

Action                   |  1- 3 |  4- 6 |  7- 9 || total
-------------------------+-------+-------+-------++-------
Melee: Mace              |    71 |   135 |       ||   206
       Tailslap          |     6 |    31 |    25 ||    62
       Flail             |       |    85 |   163 ||   248
Invok: Berserk           |     2 |     4 |     5 ||    11
  Use: Scroll            |       |     5 |     1 ||     6
 Stab: Sleeping          |     1 |     1 |       ||     2
       Distracted        |     1 |       |       ||     1
  Eat: Chunk             |     2 |    13 |    12 ||    27
Armor: Skin              |    24 |    64 |    29 ||   117
Dodge: Dodged            |    58 |   126 |    81 ||   265
Block: Shield            |       |       |    33 ||    33
